 Dungeon Crawl Stone Soup version 0.21.0-3-g78d12a8 (webtiles) character file.

52 Monsterracer the Grave Robber (level 3, 0/19 HPs)
             Began as a Deep Elf Necromancer on Jan 16, 2018.
             Slain by Terence
             ... wielding a +0 short sword of holy wrath
              (5 damage)
             ... on level 2 of the Dungeon.
             The game lasted 00:02:14 (1770 turns).

Monsterracer the Grave Robber (DENe)                Turns: 1770, Time: 00:02:15

Health: 0/19       AC:  2    Str:  5    XL:     3   Next: 60%
Magic:  0/10       EV: 13    Int: 20    God:
Gold:   147        SH:  0    Dex: 15    Spells: 3/10 levels left

rFire    . . .     SeeInvis .   j - +1 spear (vamp)
rCold    . . .     Gourm    .   (no shield)
rNeg     . . .     Faith    .   a - +0 robe
rPois    .         Spirit   .   (no helmet)
rElec    .         Reflect  .   (no cloak)
rCorr    .         Harm     .   (no gloves)
MR       .....                  (no boots)
Stlth    ++........             (no amulet)
HPRegen  0.06/turn              (no ring)
MPRegen  0.12/turn              (no ring)

@: no status effects
A: no striking features
a: no special abilities


You were on level 2 of the Dungeon.
You were not hungry.

You visited 1 branch of the dungeon, and saw 2 of its levels.

You collected 147 gold pieces.

Inventory:

Hand Weapons
 j - a +1 vampiric spear (weapon)
Armour
 a - a +0 robe (worn)
 g - a +2 buckler
Scrolls
 d - a scroll of teleportation {unknown}
 e - a scroll of noise {unknown}
 f - a scroll of random uselessness {unknown}
 h - a scroll of amnesia {unknown}
 i - 2 scrolls of identify {unknown}
 l - a scroll of remove curse {unknown}
 m - a scroll of enchant armour {unknown}
 n - a scroll of enchant weapon {unknown}
 o - a scroll of fear {unknown}
Potions
 k - a potion of lignification {unknown}
 p - a potion of ambrosia {unknown}
Books
 b - a book of Necromancy

   Spells                             Type                      Level
   a - Pain                           Necromancy                   1
   b - Animate Skeleton               Necromancy                   1
   c - Vampiric Draining              Necromancy                   3
   d - Regeneration                   Charms/Necromancy            3
   e - Animate Dead                   Necromancy                   4
   f - Borgnjor's Vile Clutch         Necromancy/Earth             5
Comestibles
 c - 3 rations


   Skills:
 - Level 2.4 Dodging
 - Level 2.4 Stealth
 + Level 4.0 Spellcasting
 * Level 6.0 Necromancy


You had 3 spell levels left.
You knew the following spells:

 Your Spells              Type           Power        Failure   Level  Hunger
a - Pain                  Necr           ####         1%          1    None
b - Regeneration          Chrm/Necr      ###.......   11%         3    ###....
c - Vampiric Draining     Necr           ####......   3%          3    ###....


Dungeon Overview and Level Annotations

Branches:
Dungeon (2/15)

Altars:

Annotations:
D:2 Terence


Message History

Casting: Pain
Confirm with . or Enter, or press ? or * to list all spells.
Aiming: Pain
Press: ? - help, Shift-Dir - straight line, f/p - ball python
Aim: a ball python (chance to defeat MR: 93%)
The ball python writhes in agony!
You take 1 damage, and have 17/19 hp.
You now have 8/10 mp.
A ball python is nearby!
A ball python is nearby!
Casting: Pain
Confirm with . or Enter, or press ? or * to list all spells.
Aiming: Pain
Press: ? - help, Shift-Dir - straight line, f/p - ball python
Aim: a ball python (heavily wounded, chance to defeat MR: 93%)
The ball python writhes in agony!
You kill the ball python!
You take 1 damage, and have 16/19 hp.
You now have 7/10 mp.
Key pressed, stopping explore.
Unknown command.
You see here a ball python corpse.
There is a stone staircase leading down here.
An adder comes into view.
Health restored: 19; MP restored: 10 An adder is nearby!
Terence the Incautious comes into view.
He is wielding a short sword of holy wrath.
There is a stone staircase leading down here.
Casting: Pain
Confirm with . or Enter, or press ? or * to list all spells.
Aiming: Pain
Press: ? - help, Shift-Dir - straight line, f - adder
Aim: an adder (resting, chance to defeat MR: 89%)
The adder writhes in agony!
You take 1 damage, and have 18/19 hp.
You now have 9/10 mp.
Casting: Pain
Confirm with . or Enter, or press ? or * to list all spells.
Aiming: Pain
Press: ? - help, Shift-Dir - straight line, f/p - adder
Aim: an adder (almost dead, chance to defeat MR: 89%)
The adder writhes in agony!
You kill the adder!
Your Spellcasting skill increases to level 4!
Your Necromancy skill increases to level 6!
Terence shouts!
You take 1 damage, and have 17/19 hp.
You now have 8/10 mp.
Casting: Pain
Confirm with . or Enter, or press ? or * to list all spells.
Aiming: Pain
Press: ? - help, Shift-Dir - straight line, f - Terence
Aim: Terence, wielding a short sword of holy wrath and wearing a shiny ring mail (chance to defeat MR: 89%) Terence writhes in agony!
A rat comes into view.
You take 1 damage, and have 16/19 hp.
You now have 7/10 mp.
Casting: Pain
Confirm with . or Enter, or press ? or * to list all spells.
Aiming: Pain
Press: ? - help, Shift-Dir - straight line, f/p - Terence
Aim: Terence, wielding a short sword of holy wrath and wearing a shiny ring mail (heavily wounded, chance to defeat MR: 89%) Terence writhes in agony!
You take 1 damage, and have 15/19 hp.
You now have 6/10 mp.
Casting: Pain
Confirm with . or Enter, or press ? or * to list all spells.
Aiming: Pain
Press: ? - help, Shift-Dir - straight line, f/p - Terence
Aim: Terence, wielding a short sword of holy wrath and wearing a shiny ring mail (heavily wounded, chance to defeat MR: 89%) Terence resists with significant effort.
You take 1 damage, and have 14/19 hp.
You now have 5/10 mp.
Casting: Pain
Confirm with . or Enter, or press ? or * to list all spells.
Aiming: Vampiric Draining
Press: ? - help, Shift-Dir - straight line, f/p - Terence
Aim: Terence, wielding a short sword of holy wrath and wearing a shiny ring mail (heavily wounded) Terence is severely wounded.
You feel life coursing into your body.
Terence hits you with a short sword of holy wrath.
You take 1 damage, and have 13/19 hp.
You now have 2/10 mp.
Casting: Vampiric Draining
Confirm with . or Enter, or press ? or * to list all spells.
Aiming: Pain
Press: ? - help, Shift-Dir - straight line, f/p - Terence
Aim: Terence, wielding a short sword of holy wrath and wearing a shiny ring mail (severely wounded, chance to defeat MR: 89%) Terence writhes in agony!
Terence hits you with a short sword of holy wrath.
* * * LOW HITPOINT WARNING * * *
You take 7 damage, and have 6/19 hp.
MASSIVE DAMAGE!!
You now have 1/10 mp.
Unknown command.
Casting: Pain
Confirm with . or Enter, or press ? or * to list all spells.
Aiming: Pain
Press: ? - help, Shift-Dir - straight line, f/p - Terence
Aim: Terence, wielding a short sword of holy wrath and wearing a shiny ring mail (almost dead, chance to defeat MR: 89%) Terence resists with significant effort.
Terence closely misses you.
Casting: Pain
Confirm with . or Enter, or press ? or * to list all spells.
Aiming: Pain
Press: ? - help, Shift-Dir - straight line, f/p - Terence
Aim: Terence, wielding a short sword of holy wrath and wearing a shiny ring mail (almost dead, chance to defeat MR: 89%) Terence resists with significant effort.
Terence hits you with a short sword of holy wrath.
You die...

#....## #......
........# #.....#
#.....# ........#
#.....# #.....#
........#####...#
#######
..............###
..............#
............<.#
.......r......#
.......@@.....#
........#####.#
........#
#.###########
........#
#............
#########
#############


You could see Terence and a rat.

Vanquished Creatures
  An adder (D:2)
  2 oozes (D:1)
  A leopard gecko (D:1)
  A ball python (D:2)
  3 bats (D:1)
  2 giant cockroaches (D:1)
  6 goblins
  6 hobgoblins (D:1)
  2 kobolds
  A frilled lizard (D:1)
  7 rats
32 creatures vanquished.

Notes
Turn   | Place    | Note
-------+----------+-------------------------------------------
     0 | D:1      | Monsterracer the Deep Elf Necromancer began the quest for the Orb.
     0 | D:1      | Reached XP level 1. HP: 10/10 MP: 6/6
   111 | D:1      | HP: 5/10 [ooze (4)]
   114 | D:1      | Reached skill level 5 in Necromancy
   244 | D:1      | Reached XP level 2. HP: 9/15 MP: 6/8
   930 | D:1      | Reached XP level 3. HP: 18/19 MP: 7/10
   935 | D:1      | Learned a level 3 spell: Vampiric Draining
   939 | D:1      | Learned a level 3 spell: Regeneration
  1759 | D:2      | Noticed Terence
  1762 | D:2      | Reached skill level 6 in Necromancy
  1767 | D:2      | HP: 6/19 [Terence/short sword of holy wrath (6)]
  1770 | D:2      | Slain by Terence

Skill      XL: |  1  2  3 |
---------------+----------+-----
Necromancy     | 5 6 |  6.0
Spellcasting   | 4 |  4.0
Dodging        | |  2.4
Stealth        | |  2.4

Action                   || total
-------------------------++-------
Melee: Spear             ||     8
 Cast: Pain              ||    55
       Vampiric Draining ||     1
  Eat: Ration            ||     2
       Chunk             ||     1
Armor: Robe              ||     2
Dodge: Dodged            ||     8

Vault maps used:
D:1:      nzn_arrival_settlement, minmay_octomino_e4
D:2:      okawaru_metal_pillars_3, uniq_terence
